 Dungeon Crawl Stone Soup version 0.25.0-1-g7eea58d2a3 (webtiles) character file.

Game seed: 2814722110152728184

11 Nixze the Caller (level 2, 0/15 HPs)
             Began as a Deep Elf Summoner on June 13, 2020.
             Slain by a bat (1 damage)
             ... on level 1 of the Dungeon.
             The game lasted 00:02:26 (592 turns).

Nixze the Caller (Deep Elf Summoner)                 Turns: 592, Time: 00:02:27

Health: 0/15       AC:  2    Str:  5    XL:     2   Next: 13%
Magic:  2/8        EV: 13    Int: 19    God:
Gold:   22         SH:  0    Dex: 15    Spells: 4/7 levels left

rFire    . . .     SeeInvis .   d - +0 short sword
rCold    . . .     Gourm    .   (no shield)
rNeg     . . .     Faith    .   a - +0 robe
rPois    .         Spirit   .   (no helmet)
rElec    .         Reflect  .   (no cloak)
rCorr    .         Harm     .   (no gloves)
MR       .....                  (no boots)
Stlth    ++........             (no amulet)
HPRegen  0.05/turn              (no ring)
MPRegen  0.11/turn              (no ring)

@: no status effects
A: no striking features
a: no special abilities


You were on level 1 of the Dungeon.
You were not hungry.

You visited 1 branch of the dungeon, and saw 1 of its levels.

You collected 22 gold pieces.

Inventory:

Hand Weapons
 d - a +0 short sword (weapon)
Missiles
 e - 12 boomerangs (quivered)
 j - 16 stones
Armour
 a - a +0 robe (worn)
Scrolls
 b - a scroll of identify {unknown}
 h - a scroll of immolation {unknown}
Potions
 g - a potion of curing {unknown}
 i - a potion of haste {unknown}
Comestibles
 c - 2 rations
 f - a chunk of flesh


   Skills:
 + Level 0.0 Fighting
 + Level 2.4 Dodging
 + Level 2.4 Stealth
 + Level 3.0 Spellcasting
 - Level 5.0 Summonings


You had 4 spell levels left.
You knew the following spells:

 Your Spells              Type           Power        Failure   Level  Hunger
a - Summon Small Mammal   Summ           ###.         1%          1    None
b - Call Imp              Summ           ###.....     3%          2    ##.....

Your spell library contained the following spells:

 Spells                   Type           Power        Failure   Level  Hunger
 Call Canine Familiar     Summ           ###.....     6%          3    ###....
 Summon Guardian Golem    Hex/Summ       ##......     16%         3    ###....
 Summon Ice Beast         Ice/Summ       ##......     47%         4    ####...
 Summon Lightning Spire   Summ/Air       ##......     47%         4    ####...


Dungeon Overview and Level Annotations

Branches:
Dungeon (1/15)

Altars:


Message History

You barely miss the leopard gecko. The bat closely misses you. x2
A rat comes into view.
The leopard gecko bites you.
Your crimson imp hits the leopard gecko.
Casting: Call Imp (safe; 3% risk of failure)
Confirm with . or Enter, or press ? or * to list all spells.
A beastly little devil appears in a puff of flame.
The bat closely misses your crimson imp.
The bat barely misses you.
The bat hits your crimson imp but does no damage.
The bat closely misses you. The leopard gecko barely misses you.
The bat barely misses your crimson imp.
Your crimson imp closely misses the leopard gecko.
Your crimson imp blinks!
The bat hits you but does no damage. The leopard gecko bites you.
The bat hits you.
The bat closely misses something.
The leopard gecko bites you.
* * * LOW HITPOINT WARNING * * *
The bat hits you.
You die...

#.## #. ... .r.........
#..# #.#.#...#..........
##.###.#.#.#.#..........
#..##...#.#.#..........
####.###....#.#b...5..#
.......#.##.#.#5..g...#
#####..#....#.###....# #
#..#..#.#.##blb#.# ##
#.....#....#@#5# .#
#..##.#.#..#.#... .#
##.##.#....#.##### .#
#..#...#..รท.# .#
##.###.######
.######..##.#
.##...#.....# ######
....#.#..##.# #....#
###.#....##.#
#######.##.#


You could see a leopard gecko, a hobgoblin, 2 bats and a friendly crimson imp
(summoned).

Vanquished Creatures
  4 frilled lizards (D:1)
  2 kobolds (D:1)
  A rat (D:1)
7 creatures vanquished.

Vanquished Creatures (collateral kills)
  An ooze (D:1)
  A leopard gecko (D:1)
  2 goblins (D:1)
  A bat (D:1)
5 creatures vanquished.

Grand Total: 12 creatures vanquished

Notes
Turn   | Place    | Note
-------+----------+-------------------------------------------
     0 | D:1      | Nixze the Deep Elf Summoner began the quest for the Orb.
     0 | D:1      | Reached XP level 1. HP: 10/10 MP: 6/6
   423 | D:1      | Reached XP level 2. HP: 15/15 MP: 5/8
   528 | D:1      | Reached skill level 5 in Summonings
   533 | D:1      | Learned a level 2 spell: Call Imp
   592 | D:1      | Slain by a bat

Illustrated notes

Levels and vault maps discovered:
D:1:      nzn_arrival_settlement, layout_basic

Skill      XL: |  1  2 |
---------------+-------+-----
Summonings     | 5 |  5.0
Dodging        | |  2.4
Stealth        | |  2.4
Spellcasting   | |  3.0

Action                   || total
-------------------------++-------
Melee: Short sword       ||    23
Throw: Boomerang         ||     6
 Cast: Summon Small Mamm ||     8
       Call Imp          ||     3
 Stab: Sleeping          ||     1
Armor: Robe              ||     6
Dodge: Dodged            ||    32
